Map: Catallena LE (Void)

Players

SamuraiFunn

  • Race: Protoss Protoss
  • Spawn Location: 5:00

A.I. 1 (Very Hard) - Winner!

  • Race: Protoss Protoss
  • Spawn Location: 12:00

VOD

Have the link to the VOD?

Description

Time

  • Played on: Oct. 30, 2017, 9:36 p.m.
  • Length: 14:22
Show
View Real Time Build Order
Export as new Build Order

SamuraiFunn Protoss 

Build Orders: Dark Templar Rush 

Get SALT Encoding   

  12  0:01  Probe (Chrono Boost)  
  13  0:12  Probe (Chrono Boost)  
  14  0:20  Pylon  
  14  0:23  Probe (Chrono Boost)  
  15  0:38  Probe (Chrono Boost)  
  16  0:46  Gateway  
  16  0:49  Probe (Chrono Boost)  
  17  0:52  Assimilator  
  17  0:59  Probe (Chrono Boost)  
  18  1:10  Probe (Chrono Boost)  
  19  1:14  Assimilator  
  19  1:22  Probe (Chrono Boost)  
  20  1:32  Pylon  
  20  1:37  Cybernetics Core  
  20  1:38  Probe (Chrono Boost)  
  21  1:51  Probe (Chrono Boost)  
  22  2:01  Probe (Chrono Boost)  
  23  2:12  Probe (Chrono Boost)  
  24  2:19  Twilight Council  
  24  2:25  Probe (Chrono Boost)  
  25  2:34  Nexus  
  25  2:39  Assimilator  
  25  2:48  Probe (Chrono Boost)  
  26  2:54  Gateway  
  26  2:56  Gateway  
  26  2:58  Probe (Chrono Boost)  
  27  3:05  Dark Shrine  
  27  3:21  Probe (Chrono Boost)  
  27  3:22  Pylon  
  28  3:32  Probe (Chrono Boost)  
  29  3:39  Stargate  
  29  3:40  Stargate  
  29  3:46  Probe (Chrono Boost)  
  30  3:57  Probe (Chrono Boost)  
  31  4:07  Probe (Chrono Boost)  
  32  4:18  Probe (Chrono Boost), Dark Templar x2  
  37  4:25  Assimilator  
  37  4:28  Probe (Chrono Boost)  
  38  4:31  Dark Templar  
  40  4:39  Probe (Chrono Boost), Phoenix  
  43  4:49  Probe (Chrono Boost)  
  43  4:51  Phoenix  
  46  5:19  Robotics Facility  
  46  5:25  Phoenix x2  
  50  5:29  Zealot x2  
  54  5:36  Pylon  
  54  5:47  Nexus  
  54  5:54  Zealot  
  54  5:56  Dark Templar x2  
  60  6:09  Assimilator  
  60  6:14  Assimilator  
  60  6:17  Pylon  
  60  6:21  Dark Templar  
  60  6:23  Gateway, Pylon  
  62  6:35  Dark Templar x2  
  66  6:55  Observer  
  67  7:02  Dark Templar  
  67  7:07  Probe (Chrono Boost)  
  70  7:17  Probe (Chrono Boost), Observer  
  72  7:28  Probe (Chrono Boost)  
  73  7:37  Phoenix x2  
  73  7:43  Dark Templar  
  73  7:44  Dark Templar x2  
  83  7:47  Zealot  
  85  8:14  Zealot  
  87  8:23  Zealot  
  88  8:48  Zealot x2  
  88  8:50  Zealot  
  88  8:51  Zealot  
  82  9:15  Zealot  
  75  9:37  Void Ray  
  75  9:38  Void Ray  
  83  9:44  Stargate  
  83  9:45  Stargate  
  83  9:47  Zealot  
  83  9:48  Zealot x2  
  83  9:50  Charge  
  89  10:20  Void Ray  
  93  10:24  Void Ray  
  61  10:43  Void Ray x2  
  67  10:56  Zealot x4  
  73  11:03  Void Ray  
  77  11:17  Nexus  
  77  11:19  Assimilator  
  77  11:21  Assimilator  
  77  11:22  Protoss Air Weapons Level 1  
  77  11:36  Zealot x2  
  81  11:49  Templar Archives  
  81  12:03  Zealot  
  83  12:27  Pylon  
  83  12:28  Zealot x2  
  83  12:29  Zealot  
  89  12:30  Pylon  
  89  12:32  Void Ray  
  93  12:53  Forge  
Show
View Real Time Build Order
Export as new Build Order

A.I. 1 (Very Hard) Protoss - Winner!

Build Orders:  

Get SALT Encoding   

  12  0:01  Probe (Chrono Boost)  
  13  0:11  Probe (Chrono Boost)  
  14  0:20  Pylon  
  14  0:22  Probe (Chrono Boost)  
  15  0:38  Probe (Chrono Boost)  
  15  0:40  Gateway  
  16  0:47  Assimilator  
  16  0:48  Probe (Chrono Boost)  
  17  0:59  Probe (Chrono Boost)  
  17  1:02  Pylon  
  18  1:09  Probe (Chrono Boost)  
  19  1:20  Probe (Chrono Boost)  
  19  1:25  Zealot  
  20  1:29  Cybernetics Core  
  20  1:32  Probe (Chrono Boost)  
  23  1:43  Probe (Chrono Boost)  
  25  1:54  Probe (Chrono Boost)  
  25  1:58  Zealot  
  25  2:01  Gateway  
  25  2:03  Pylon  
  27  2:27  Warp Gate  
  27  2:28  Nexus  
  27  2:32  Probe (Chrono Boost)  
  28  2:44  Probe (Chrono Boost)  
  29  2:45  Assimilator  
  29  2:52  Adept  
  29  2:55  Probe (Chrono Boost)  
  29  2:56  Adept  
  35  3:06  Probe (Chrono Boost)  
  35  3:08  Pylon  
  35  3:17  Stalker  
  35  3:18  Probe (Chrono Boost)  
  38  3:30  Robotics Facility  
  38  3:40  Forge  
  39  4:03  Probe (Chrono Boost)  
  39  4:05  Probe (Chrono Boost)  
  40  4:13  Adept  
  40  4:14  Probe (Chrono Boost)  
  40  4:16  Photon Cannon, Probe (Chrono Boost)  
  44  4:19  Photon Cannon, Observer  
  45  4:25  Probe (Chrono Boost)  
  45  4:28  Probe (Chrono Boost), Adept  
  49  4:37  Probe (Chrono Boost)  
  51  4:39  Probe (Chrono Boost)  
  51  4:47  Pylon, Adept  
  51  4:48  Probe (Chrono Boost)  
  51  4:50  Probe (Chrono Boost)  
  55  4:54  Immortal  
  55  4:59  Probe (Chrono Boost)  
  60  5:00  Stalker  
  60  5:06  Probe (Chrono Boost), Pylon  
  63  5:10  Probe (Chrono Boost)  
  63  5:12  Stalker  
  66  5:18  Probe (Chrono Boost)  
  68  5:21  Probe (Chrono Boost)  
  68  5:24  Robotics Facility  
  68  5:27  Stalker  
  70  5:30  Probe (Chrono Boost)  
  70  5:32  Pylon  
  70  5:33  Sentry  
  74  5:35  Probe (Chrono Boost)  
  74  5:41  Probe (Chrono Boost)  
  74  5:42  Gateway  
  75  5:46  Probe (Chrono Boost)  
  75  5:48  Stalker  
  78  5:52  Probe (Chrono Boost), Pylon  
  78  5:55  Stalker  
  81  6:09  Sentry  
  83  6:11  Assimilator  
  83  6:14  Pylon  
  83  6:15  Zealot  
  85  6:21  Assimilator  
  85  6:26  Nexus, Robotics Bay  
  85  6:29  Stalker  
  87  6:43  Probe (Chrono Boost)  
  87  6:44  Probe (Chrono Boost)  
  87  6:45  Pylon  
  89  6:53  Stalker  
  89  6:54  Probe (Chrono Boost), Zealot  
  92  6:56  Probe (Chrono Boost)  
  95  7:03  Zealot  
  95  7:05  Protoss Ground Weapons Level 1  
  95  7:08  Pylon  
  97  7:09  Colossus  
  97  7:13  Sentry  
  105  7:15  Forge  
  105  7:25  Colossus  
  105  7:26  Pylon  
  105  7:33  Gateway  
  111  7:40  Probe x3 (Chrono Boost)  
  111  7:43  Protoss Ground Armor Level 1  
  114  7:50  Assimilator  
  114  7:51  Probe (Chrono Boost)  
  116  7:52  Probe (Chrono Boost)  
  116  7:53  Probe (Chrono Boost)  
  116  7:54  Pylon  
  116  7:56  Photon Cannon  
  116  7:58  Pylon  
  117  8:02  Probe (Chrono Boost)  
  117  8:04  Probe (Chrono Boost)  
  117  8:05  Colossus  
  120  8:06  Probe (Chrono Boost)  
  127  8:13  Probe (Chrono Boost)  
  127  8:15  Photon Cannon  
  127  8:16  Probe (Chrono Boost)  
  127  8:18  Probe (Chrono Boost)  
  127  8:19  Extended Thermal Lance, Zealot  
  131  8:25  Probe (Chrono Boost)  
  133  8:27  Probe (Chrono Boost)  
  133  8:29  Probe (Chrono Boost)  
  120  8:34  Stalker  
  120  8:36  Probe (Chrono Boost)  
  120  8:37  Zealot  
  120  8:39  Sentry, Probe (Chrono Boost)  
  120  8:41  Probe (Chrono Boost)  
  113  8:42  Sentry  
  113  8:48  Probe (Chrono Boost)  
  106  8:51  Probe (Chrono Boost)  
  106  8:53  Probe (Chrono Boost)  
  104  8:57  Zealot, Stalker  
  104  8:59  Probe (Chrono Boost)  
  104  9:01  Sentry  
  112  9:03  Probe (Chrono Boost)  
  112  9:04  Probe (Chrono Boost), Stalker  
  116  9:10  Probe (Chrono Boost)  
  116  9:14  Probe (Chrono Boost)  
  116  9:15  Probe (Chrono Boost)  
  118  9:17  Stalker  
  118  9:20  Zealot  
  118  9:22  Probe (Chrono Boost), Zealot  
  125  9:25  Probe (Chrono Boost), Zealot  
  128  9:39  Photon Cannon, Zealot x2  
  128  9:41  Zealot  
  128  9:44  Sentry, Pylon  
  136  9:47  Photon Cannon  
  136  9:48  Pylon  
  136  9:49  Disruptor  
  136  9:52  Disruptor  
  139  9:57  Zealot  
  139  9:58  Adept  
  146  10:00  Stalker  
  146  10:06  Adept  
  150  10:09  Photon Cannon  
  150  10:13  Photon Cannon  
  150  10:16  Adept, Stalker  
  150  10:21  Probe x2 (Chrono Boost), Pylon  
  146  10:22  Zealot  
  146  10:23  Probe (Chrono Boost)  
  146  10:25  Observer  
  141  10:31  Protoss Shields Level 1  
  141  10:32  Probe (Chrono Boost)  
  141  10:33  Probe (Chrono Boost)  
  141  10:34  Probe (Chrono Boost), Colossus  
  150  10:44  Probe x2 (Chrono Boost)  
  150  10:46  Probe (Chrono Boost)  
  153  10:54  Probe (Chrono Boost)  
  154  10:58  Nexus  
  154  11:06  Twilight Council  
  154  11:13  Warp Prism  
  154  11:16  Photon Cannon  
  156  11:26  Observer  
  156  11:31  Gateway  
  157  11:34  Robotics Facility  
  157  11:35  Charge  
  157  11:39  Protoss Ground Weapons Level 2  
  157  11:44  Warp Prism  
  157  11:45  Colossus  
  157  11:53  Pylon  
  165  12:07  Stalker  
  167  12:11  Stalker  
  167  12:12  Probe (Chrono Boost)  
  167  12:13  Probe x3 (Chrono Boost)  
  173  12:17  Disruptor, Stalker  
  178  12:24  Probe (Chrono Boost), Pylon  
  178  12:25  Nexus  
  178  12:26  Probe (Chrono Boost)  
  178  12:27  Gateway  
  180  12:32  Stargate, Immortal  
  180  12:36  Templar Archives  
  184  12:39  Immortal  
  188  12:47  Photon Cannon  
  188  12:51  Pylon  
  188  12:55  Immortal  
  184  13:01  Stalker  
  184  13:04  Stalker  
  174  13:08  Stalker  
  163  13:12  Stalker  
  163  13:13  High Templar  
  163  13:15  Phoenix  
  160  13:21  Sentry, Assimilator  
  160  13:23  High Templar, Assimilator  
  160  13:26  Assimilator, Stalker  
  160  13:29  Stalker  
  156  13:35  Stalker  
  156  13:42  Stalker  
  156  13:43  Sentry  
  156  13:48  Stalker  
  156  13:50  Assimilator  
  156  13:51  Stalker  
  156  13:52  Assimilator  
  156  13:54  Stalker  
  148  14:03  High Templar, Pylon  
  148  14:05  Stalker  
  148  14:07  Stalker  
  152  14:13  Sentry  
  152  14:16  Stalker  
  156  14:18  Stalker  
Tags
 
Add a new tag
Caveats
  • Supply blocks, unpowered buildings, or Contaminate may cause inaccurate times.
  • Supply counts are checked every 10 seconds.